3AA
YAKIMA HOPS @ MARQUETTE MINERS
06/18/2042
 
TOP OF THE 1ST
Yakima Hops batting - Pitching for Marquette Miners : RHP Cameron Sellers
Pitching: RHP Cameron Sellers
Batting: LHB Alfredo Pliego 0-0: Ball
1-0: Ball
2-0: Ball
3-0: Called Strike
3-1: Base on Balls
Batting: LHB Daniel MacBrayne 0-0: Ball
1-0: Ball
2-0: Fly out, F8 (Flyball, 89D, EV 104.4 MPH)
Batting: RHB Rodrigo Jiménez 0-0: Called Strike
0-1: Called Strike
0-2: Fly out, F8 (Flyball, 8RM, EV 89.4 MPH)
Batting: LHB Richard Beagle 0-0: Ball
1-0: Called Strike
1-1: Ball
Alfredo Pliego steals 2nd base
2-1: Ball
3-1: Base on Balls
Batting: LHB Richard Barlow 0-0: Ball
1-0: Fly out, F9 (Flyball, 9LSF, EV 88.1 MPH)
Top of the 1st over - 0 runs, 0 hits, 0 errors, 2 left on base; Yakima 0 - Marquette 0
BOTTOM OF THE 1ST
Marquette Miners batting - Pitching for Yakima Hops : RHP Toshinobu Nakamura
Pitching: RHP Toshinobu Nakamura
Batting: RHB Eduard Argelander 0-0: Called Strike
0-1: SINGLE (Groundball, 6D, EV 98.1 MPH)
Batting: RHB Alfred Howard Biggs 0-0: Called Strike
0-1: Ball
1-1: Swinging Strike
1-2: Ball
2-2: Grounds into double play, 5-4-3 (Groundball, 56S, EV 81.9 MPH)
Batting: LHB Bill Knight 0-0: Called Strike
0-1: Foul Ball, location: 2F
0-2: Ball
1-2: Ball
2-2: Ball
3-2: Strikes out swinging
Bottom of the 1st over - 0 runs, 1 hit, 0 errors, 0 left on base; Yakima 0 - Marquette 0
TOP OF THE 2ND
Yakima Hops batting - Pitching for Marquette Miners : RHP Cameron Sellers
Batting: LHB Kyung-ryul Kim 0-0: Ball
1-0: Ball
2-0: Ball
3-0: Called Strike
3-1: Base on Balls
Batting: LHB Damon Cross 0-0: SINGLE (Groundball, 34D, EV 103.8 MPH)
Kyung-ryul Kim to second
Runner from 2nd tries for 3rd, SAFE, no throw by RF
Batting: RHB Rickey Warner 0-0: Ball
1-0: Fielders Choice at 2nd, 5-4 (Groundball, 5D, EV 83.1 MPH)
Kyung-ryul Kim scores
Batting: RHB Tim Dickson 0-0: Called Strike
0-1: Foul Ball, location: 2F
0-2: Foul Ball, location: 2F
0-2: Ball
1-2: Strikes out swinging
Batting: LHB Alfredo Pliego 0-0: Ball
1-0: Ball
2-0: Called Strike
2-1: Ball
3-1: Base on Balls
Rickey Warner to second
Batting: LHB Daniel MacBrayne 0-0: Called Strike
0-1: Swinging Strike
0-2: Ball
1-2: Ball
2-2: Strikes out swinging
Top of the 2nd over - 1 run, 1 hit, 0 errors, 2 left on base; Yakima 1 - Marquette 0
BOTTOM OF THE 2ND
Marquette Miners batting - Pitching for Yakima Hops : RHP Toshinobu Nakamura
Batting: LHB Steve Chittick 0-0: Ball
1-0: Swinging Strike
1-1: Foul Ball, location: 2F
1-2: Ball
2-2: Ball
3-2: Foul Ball, location: 2F
3-2: Strikes out swinging
Batting: RHB Colton Shepard 0-0: Foul Ball, location: 2F
0-1: Ball
1-1: Foul Ball, location: 2F
1-2: Strikes out looking
Batting: RHB Kiril Neuvel 0-0: Foul Ball, location: 2F
0-1: Ball
1-1: Foul Ball, location: 2F
1-2: Foul Ball, location: 2F
1-2: DOUBLE (Line Drive, 3D, EV 108.1 MPH)
Batting: RHB Richard Mitchell 0-0: Ball
1-0: Ground out 6-3 (Groundball, 6, EV 89.4 MPH)
Bottom of the 2nd over - 0 runs, 1 hit, 0 errors, 1 left on base; Yakima 1 - Marquette 0
TOP OF THE 3RD
Yakima Hops batting - Pitching for Marquette Miners : RHP Cameron Sellers
Batting: RHB Rodrigo Jiménez 0-0: Ball
1-0: SINGLE (Flyball, 89S, EV 85.6 MPH)
Batting: LHB Richard Beagle 0-0: Ball
1-0: Ball
2-0: SINGLE (Groundball, 34D, EV 101.9 MPH)
Rodrigo Jiménez to second
Runner from 2nd tries for 3rd, SAFE, throw by RF made to third
Batting: LHB Richard Barlow 0-0: Called Strike
0-1: Fly out, F8 (Flyball, 8LM, EV 98.1 MPH)
Runner from 3rd tags up, SCORES, throw by CF
Batting: LHB Kyung-ryul Kim 0-0: Ball
1-0: Called Strike
1-1: Swinging Strike
1-2: Strikes out looking
Batting: LHB Damon Cross 0-0: Ball
1-0: Called Strike
1-1: Swinging Strike
1-2: Ball
2-2: SINGLE (Groundball, 6MS, EV 84.4 MPH) (infield hit)
Richard Beagle to second
Batting: RHB Rickey Warner 0-0: Fly out, F9 (Flyball, 9LM, EV 80.6 MPH)
Top of the 3rd over - 1 run, 3 hits, 0 errors, 2 left on base; Yakima 2 - Marquette 0
BOTTOM OF THE 3RD
Marquette Miners batting - Pitching for Yakima Hops : RHP Toshinobu Nakamura
Batting: RHB Roland Rankin 0-0: SINGLE (Flyball, 7S, EV 81.2 MPH)
Batting: RHB Andy Noonkester 0-0: Ball
Roland Rankin steals 2nd, throwing error, E2
Roland Rankin to third
1-0: Ball
2-0: Called Strike
2-1: Called Strike
2-2: Foul Ball, location: 2F
2-2: Foul Ball, location: 2F
2-2: Hit by Pitch
Batting: RHB Eduard Argelander 0-0: Called Strike
0-1: Foul Ball, location: 2F
0-2: Grounds into double play, 5-4-3 (Groundball, 5, EV 93.1 MPH)
Roland Rankin scores
Batting: RHB Alfred Howard Biggs 0-0: Ball
1-0: Ball
2-0: Ball
3-0: Called Strike
3-1: Fly out, F4 (Line Drive, 4, EV 66.9 MPH)
Bottom of the 3rd over - 1 run, 1 hit, 1 error, 0 left on base; Yakima 2 - Marquette 1
TOP OF THE 4TH
Yakima Hops batting - Pitching for Marquette Miners : RHP Cameron Sellers
Batting: RHB Tim Dickson 0-0: Ball
1-0: Ball
2-0: SINGLE (Groundball, 34, EV 83.8 MPH) (infield hit)
Batting: LHB Alfredo Pliego 0-0: Ball
1-0: Ball
2-0: Ball
3-0: Base on Balls
Tim Dickson to second
Batting: LHB Daniel MacBrayne 0-0: Called Strike
0-1: Ball
1-1: Swinging Strike
1-2: Grounds into double play, 1-6-3 (Groundball, 13S, EV 67.5 MPH)
Tim Dickson to third
Batting: RHB Rodrigo Jiménez 0-0: Foul Ball, location: 2F
0-1: Ball
1-1: Called Strike
1-2: Strikes out swinging
Top of the 4th over - 0 runs, 1 hit, 0 errors, 1 left on base; Yakima 2 - Marquette 1
BOTTOM OF THE 4TH
Marquette Miners batting - Pitching for Yakima Hops : RHP Toshinobu Nakamura
Batting: LHB Bill Knight 0-0: Called Strike
0-1: Ball
1-1: Called Strike
1-2: SINGLE (Line Drive, 78S, EV 93.1 MPH)
Batting: LHB Steve Chittick 0-0: Ball
Wild Pitch!
Bill Knight to second
1-0: Ball
2-0: Foul Ball, location: 2F
2-1: Ball
3-1: Base on Balls
Batting: RHB Colton Shepard 0-0: Ball
1-0: Ball
2-0: SINGLE (Line Drive, 4M, EV 100.0 MPH)
Bill Knight to third
Steve Chittick to second
Runner from 3rd tries for Home, SAFE, throw by CF to home
Batting: RHB Kiril Neuvel 0-0: Called Strike
0-1: 3-RUN HOME RUN (Flyball, 7LD, EV 88.8 MPH), Distance : 374 ft
Pitching: RHP Timo Noordam
Batting: RHB Richard Mitchell 0-0: Swinging Strike
0-1: Ball
1-1: Ball
2-1: Swinging Strike
2-2: Strikes out looking
Batting: RHB Roland Rankin 0-0: Ball
1-0: Swinging Strike
1-1: Called Strike
1-2: Strikes out swinging
Batting: RHB Andy Noonkester 0-0: Called Strike
0-1: SINGLE (Groundball, 34D, EV 99.4 MPH)
Batting: RHB Eduard Argelander 0-0: Ball
1-0: Foul Ball, location: 2F
1-1: Ball
Andy Noonkester is caught stealing 2nd base 2-4
Bottom of the 4th over - 4 runs, 4 hits, 0 errors, 0 left on base; Yakima 2 - Marquette 5
TOP OF THE 5TH
Yakima Hops batting - Pitching for Marquette Miners : RHP Cameron Sellers
Batting: LHB Richard Beagle 0-0: Called Strike
0-1: Foul Ball, location: 2F
0-2: Ball
1-2: Strikes out looking
Batting: LHB Richard Barlow 0-0: Ground out 1-3 (Groundball, 23, EV 88.1 MPH)
Batting: LHB Kyung-ryul Kim 0-0: Ball
1-0: Called Strike
1-1: Ball
2-1: Fly out, F7 (Flyball, 78XD, EV 106.9 MPH)
Top of the 5th over - 0 runs, 0 hits, 0 errors, 0 left on base; Yakima 2 - Marquette 5
BOTTOM OF THE 5TH
Marquette Miners batting - Pitching for Yakima Hops : RHP Timo Noordam
Batting: RHB Eduard Argelander 0-0: Fly out, F7 (Flyball, 78D, EV 97.5 MPH)
Batting: RHB Alfred Howard Biggs 0-0: Fly out, F8 (Line Drive, 8RM, EV 104.4 MPH)
Batting: LHB Bill Knight 0-0: Ball
1-0: Swinging Strike
1-1: Ball
2-1: Fly out, F9 (Flyball, 89S, EV 87.5 MPH)
Bottom of the 5th over - 0 runs, 0 hits, 0 errors, 0 left on base; Yakima 2 - Marquette 5
TOP OF THE 6TH
Yakima Hops batting - Pitching for Marquette Miners : RHP Cameron Sellers
Batting: LHB Damon Cross 0-0: Ball
1-0: Ground out 4-3 (Groundball, 4, EV 88.8 MPH)
Batting: RHB Rickey Warner 0-0: SINGLE (Line Drive, 4MD, EV 96.2 MPH)
Batting: RHB Tim Dickson 0-0: Called Strike
0-1: Called Strike
0-2: SINGLE (Groundball, 34D, EV 97.5 MPH)
Rickey Warner to second
Runner from 2nd tries for 3rd, SAFE, no throw by RF
Batting: LHB Alfredo Pliego 0-0: SINGLE (Line Drive, 7S, EV 109.4 MPH)
Rickey Warner scores
Tim Dickson to second
Batting: LHB Daniel MacBrayne 0-0: Foul Ball, location: 2F
0-1: Ball
1-1: Swinging Strike
1-2: Strikes out swinging
Batting: RHB Rodrigo Jiménez 0-0: Called Strike
0-1: Swinging Strike
0-2: Ball
1-2: Ball
2-2: Foul Ball, location: 2F
2-2: Strikes out swinging
Top of the 6th over - 1 run, 3 hits, 0 errors, 2 left on base; Yakima 3 - Marquette 5
BOTTOM OF THE 6TH
Marquette Miners batting - Pitching for Yakima Hops : RHP Timo Noordam
Batting: LHB Steve Chittick 0-0: Called Strike
0-1: SINGLE (Line Drive, 7S, EV 108.8 MPH)
Batting: RHB Colton Shepard 0-0: Ball
1-0: Called Strike
1-1: Ball
2-1: Ball
3-1: Called Strike
3-2: Strikes out swinging
Batting: RHB Kiril Neuvel 0-0: Ball
1-0: Foul Ball, location: 2F
1-1: Grounds into double play, 6-4-3 (Groundball, 6, EV 87.5 MPH)
Bottom of the 6th over - 0 runs, 1 hit, 0 errors, 0 left on base; Yakima 3 - Marquette 5
TOP OF THE 7TH
Yakima Hops batting - Pitching for Marquette Miners : RHP Cameron Sellers
Pitching: RHP Jerry Cherry
Batting: LHB Richard Beagle 0-0: Ball
1-0: Ball
2-0: Foul Ball, location: 2F
2-1: Foul Ball, location: 2F
2-2: Ball
3-2: SOLO HOME RUN (Flyball, 9LD, EV 93.8 MPH), Distance : 349 ft
Batting: LHB Richard Barlow 0-0: Ball
1-0: Called Strike
1-1: Ball
2-1: Foul Ball, location: 2F
2-2: Strikes out swinging
Batting: LHB Kyung-ryul Kim 0-0: Ball
1-0: Ball
2-0: Ground out 6-3 (Groundball, 6, EV 87.5 MPH)
Batting: LHB Damon Cross 0-0: Called Strike
0-1: Ball
1-1: Ball
2-1: Ball
3-1: Ground out 4-3 (Groundball, 34, EV 86.9 MPH)
Top of the 7th over - 1 run, 1 hit, 0 errors, 0 left on base; Yakima 4 - Marquette 5
BOTTOM OF THE 7TH
Marquette Miners batting - Pitching for Yakima Hops : RHP Timo Noordam
Batting: RHB Richard Mitchell 0-0: Foul Ball, location: 2F
0-1: Ball
1-1: DOUBLE (Groundball, 5L, EV 109.4 MPH)
Batting: RHB Roland Rankin 0-0: Ball
1-0: Hit by Pitch
Batting: RHB Andy Noonkester 0-0: Ball
1-0: Foul Ball, location: 2F
1-1: Ball
2-1: Fly out, F9 (Flyball, 9LDF, EV 105.0 MPH)
Runner from 2nd tags up, SAFE at 3rd, no throw by RF
Batting: RHB Eduard Argelander 0-0: Ball
1-0: Called Strike
1-1: Ball
2-1: Ball
3-1: Fly out, F8 (Flyball, 8RM, EV 91.9 MPH)
Batting: RHB Alfred Howard Biggs 0-0: Called Strike
0-1: Fly out, F3 (Line Drive, 3, EV 71.2 MPH)
Bottom of the 7th over - 0 runs, 1 hit, 0 errors, 2 left on base; Yakima 4 - Marquette 5
TOP OF THE 8TH
Yakima Hops batting - Pitching for Marquette Miners : RHP Jerry Cherry
Batting: RHB Rickey Warner 0-0: Called Strike
0-1: Swinging Strike
0-2: Ball
1-2: Strikes out looking
Batting: RHB Tim Dickson 0-0: Ball
1-0: Called Strike
1-1: Foul Ball, location: 2F
1-2: Strikes out swinging
Batting: LHB Alfredo Pliego 0-0: Swinging Strike
0-1: Called Strike
0-2: Foul Ball, location: 2F
0-2: Strikes out swinging
Top of the 8th over - 0 runs, 0 hits, 0 errors, 0 left on base; Yakima 4 - Marquette 5
BOTTOM OF THE 8TH
Marquette Miners batting - Pitching for Yakima Hops : RHP Timo Noordam
Batting: LHB Bill Knight 0-0: Called Strike
0-1: Ball
1-1: Ball
2-1: Ball
3-1: Called Strike
3-2: Foul Ball, location: 2F
3-2: Foul Ball, location: 2F
3-2: Fly out, F8 (Line Drive, 8RM, EV 96.2 MPH)
Batting: LHB Steve Chittick 0-0: Ball
1-0: Fly out, F9 (Line Drive, 9, EV 98.1 MPH)
Batting: RHB Colton Shepard 0-0: Ball
1-0: Swinging Strike
1-1: Foul Ball, location: 2F
1-2: Foul Ball, location: 2F
1-2: Ground out 5-3 (Groundball, 56, EV 82.5 MPH)
Bottom of the 8th over - 0 runs, 0 hits, 0 errors, 0 left on base; Yakima 4 - Marquette 5
TOP OF THE 9TH
Yakima Hops batting - Pitching for Marquette Miners : RHP Jerry Cherry
Pitching: RHP Jeff Moore
Batting: LHB Daniel MacBrayne 0-0: Ball
1-0: Swinging Strike
1-1: Ball
2-1: Ground out 1-3 (Groundball, 13, EV 67.5 MPH)
Batting: RHB Rodrigo Jiménez 0-0: Ball
1-0: Ball
2-0: Called Strike
2-1: Swinging Strike
2-2: Ground out 1-3 (Groundball, 13S, EV 73.1 MPH)
Batting: LHB Richard Beagle 0-0: Fly out, F4 (Popup, 4M, EV 73.8 MPH)
Top of the 9th over - 0 runs, 0 hits, 0 errors, 0 left on base; Yakima 4 - Marquette 5
Friday, March 26th, 2021 - OOTP Baseball 20.8 Build 74